TOP OF THE 1ST |
St. Louis Cardinals batting - Pitching for Kansas City Royals : RHP Brandon Ferrari
|
Pitching: RHP Brandon Ferrari
|
|
Batting: LHB Tom Butterbaugh
|
0-0: Swinging Strike 0-1: Swinging Strike 0-2: Strikes out looking
|
Batting: LHB Ben Rubenacker
|
0-0: Called Strike 0-1: Ground out 5-3 (Groundball, 5, EV 102.5 MPH)
|
Batting: SHB Antoine Roux
|
0-0: Called Strike 0-1: Ground out 5-3 (Groundball, 56, EV 88.1 MPH)
|
Top of the 1st over - 0 runs, 0 hits, 0 errors, 0 left on base; St. Louis 0 - Kansas City 0 |
BOTTOM OF THE 1ST |
Kansas City Royals batting - Pitching for St. Louis Cardinals : LHP Justin Harris
|
Pitching: LHP Justin Harris
|
|
Batting: RHB Mike Jaquez
|
0-0: Ball 1-0: Ball 2-0: SINGLE (Flyball, 7LS, EV 91.9 MPH)
|
Batting: RHB Imbart Faber
|
0-0: Foul Ball, location: 2F 0-1: Fly out, F3 (Popup, 3SF, EV 79.4 MPH)
|
Batting: LHB Mike Meyerhoff
|
0-0: Called Strike 0-1: Called Strike 0-2: Strikes out swinging
|
Batting: SHB Tony Prado
|
0-0: Called Strike 0-1: Ball Mike Jaquez steals 2nd base (no throw) 1-1: Swinging Strike 1-2: Ground out U3 (Groundball, 34S, EV 80.6 MPH)
|
Bottom of the 1st over - 0 runs, 1 hit, 0 errors, 1 left on base; St. Louis 0 - Kansas City 0 |
TOP OF THE 2ND |
St. Louis Cardinals batting - Pitching for Kansas City Royals : RHP Brandon Ferrari
|
Batting: LHB Frank Hill
|
0-0: Swinging Strike 0-1: Foul Ball, location: 2F 0-2: Strikes out swinging
|
Batting: SHB Billy Durham
|
0-0: Ball 1-0: Foul Ball, location: 2F 1-1: Foul Ball, location: 2F 1-2: Foul Ball, location: 2F 1-2: Ball 2-2: Ball 3-2: Base on Balls
|
Batting: RHB Nick Gentzel
|
0-0: Ball 1-0: Grounds into double play, 6-4-3 (Groundball, 6, EV 107.5 MPH)
|
Top of the 2nd over - 0 runs, 0 hits, 0 errors, 0 left on base; St. Louis 0 - Kansas City 0 |
BOTTOM OF THE 2ND |
Kansas City Royals batting - Pitching for St. Louis Cardinals : LHP Justin Harris
|
Batting: RHB Aaron Matthews
|
0-0: Ball 1-0: SOLO HOME RUN (Flyball, 7LD, EV 98.1 MPH), Distance : 358 ft
|
Batting: SHB Gil Switzer
|
0-0: Called Strike 0-1: Foul Ball, location: 2F 0-2: Ground out 3-1 (Groundball, 34, EV 82.5 MPH)
|
Batting: RHB Mikolas Markus
|
0-0: Ground out 5-3 (Groundball, 56, EV 103.1 MPH)
|
Batting: RHB Bob Najar
|
0-0: Ball 1-0: SINGLE (Groundball, 56S, EV 73.1 MPH) (infield hit)
|
Batting: RHB Victor Moya
|
0-0: Called Strike 0-1: Ball 1-1: Ball 2-1: Ball 3-1: Called Strike 3-2: Fly out, F6 (Line Drive, 6, EV 67.5 MPH)
|
Bottom of the 2nd over - 1 run, 2 hits, 0 errors, 1 left on base; St. Louis 0 - Kansas City 1 |
TOP OF THE 3RD |
St. Louis Cardinals batting - Pitching for Kansas City Royals : RHP Brandon Ferrari
|
Batting: SHB Hans Mikkelsen
|
0-0: Called Strike 0-1: Ball 1-1: Foul Ball, location: 2F 1-2: Strikes out swinging
|
Batting: RHB Tim Nettles
|
0-0: Called Strike 0-1: Called Strike 0-2: Strikes out swinging
|
Batting: SHB Luke Robbins
|
0-0: Fly out, F9 (Flyball, 9LS, EV 86.2 MPH)
|
Top of the 3rd over - 0 runs, 0 hits, 0 errors, 0 left on base; St. Louis 0 - Kansas City 1 |
BOTTOM OF THE 3RD |
Kansas City Royals batting - Pitching for St. Louis Cardinals : LHP Justin Harris
|
Batting: RHB Mike Jaquez
|
0-0: Called Strike 0-1: Ball 1-1: Called Strike 1-2: Foul Ball, location: 2F 1-2: Strikes out looking
|
Batting: RHB Imbart Faber
|
0-0: Called Strike 0-1: Ball 1-1: Ball 2-1: Called Strike 2-2: Foul Ball, location: 2F 2-2: Ball 3-2: Base on Balls
|
Batting: LHB Mike Meyerhoff
|
0-0: Ball Imbart Faber steals 2nd base 1-0: Foul Ball, location: 2F 1-1: Fly out, F8 (Line Drive, 8LD, EV 89.4 MPH) Runner from 2nd tags up, SAFE at 3rd with throw by CF
|
Batting: SHB Tony Prado
|
0-0: Ball 1-0: DOUBLE (Line Drive, 7LD, EV 107.5 MPH) Imbart Faber scores
|
Batting: RHB Aaron Matthews
|
0-0: Ball Wild Pitch! Tony Prado to third 1-0: Reached on error, E2 (Groundball, 15S, EV 67.5 MPH) Tony Prado scores
|
Batting: SHB Gil Switzer
|
0-0: Ball 1-0: Foul Ball, location: 2F 1-1: Swinging Strike 1-2: Foul Ball, location: 2F 1-2: Ball 2-2: Ball 3-2: SINGLE (Groundball, 34D, EV 103.1 MPH) Aaron Matthews to third Runner from 3rd tries for Home, SAFE, throw by RF to home
|
Batting: RHB Mikolas Markus
|
0-0: Called Strike 0-1: Ball 1-1: Ground out U3 (Groundball, 34, EV 98.1 MPH)
|
Bottom of the 3rd over - 3 runs, 2 hits, 1 error, 1 left on base; St. Louis 0 - Kansas City 4 |
TOP OF THE 4TH |
St. Louis Cardinals batting - Pitching for Kansas City Royals : RHP Brandon Ferrari
|
Batting: LHB Tom Butterbaugh
|
0-0: Called Strike 0-1: Foul Ball, location: 2F 0-2: Ball 1-2: Ground out U3 (Groundball, 3, EV 76.9 MPH)
|
Batting: LHB Ben Rubenacker
|
0-0: Called Strike 0-1: Ball 1-1: Swinging Strike 1-2: Ground out 4-3 (Groundball, 34D, EV 83.1 MPH)
|
Batting: SHB Antoine Roux
|
0-0: Ball 1-0: Swinging Strike 1-1: Swinging Strike 1-2: Strikes out looking
|
Top of the 4th over - 0 runs, 0 hits, 0 errors, 0 left on base; St. Louis 0 - Kansas City 4 |
BOTTOM OF THE 4TH |
Kansas City Royals batting - Pitching for St. Louis Cardinals : LHP Justin Harris
|
Batting: RHB Bob Najar
|
0-0: Called Strike 0-1: Called Strike 0-2: Ball 1-2: Ball 2-2: Fly out, F9 (Flyball, 9D, EV 94.4 MPH)
|
Batting: RHB Victor Moya
|
0-0: Called Strike 0-1: Foul Ball, location: 2F 0-2: Foul Ball, location: 2F 0-2: Ball 1-2: Ball 2-2: Foul Ball, location: 2F 2-2: Foul Ball, location: 2F 2-2: Foul Ball, location: 2F 2-2: Ball 3-2: Strikes out swinging
|
Batting: RHB Mike Jaquez
|
0-0: Ball 1-0: Called Strike 1-1: Swinging Strike 1-2: Strikes out swinging, 2-3 out at first.
|
Bottom of the 4th over - 0 runs, 0 hits, 0 errors, 0 left on base; St. Louis 0 - Kansas City 4 |
TOP OF THE 5TH |
St. Louis Cardinals batting - Pitching for Kansas City Royals : RHP Brandon Ferrari
|
Batting: LHB Frank Hill
|
0-0: Ball 1-0: Ball 2-0: Foul Ball, location: 2F 2-1: Foul Ball, location: 2F 2-2: Foul Ball, location: 2F 2-2: Ball 3-2: Foul Ball, location: 2F 3-2: Foul Ball, location: 2F 3-2: Base on Balls
|
Batting: SHB Billy Durham
|
0-0: Fielders Choice at 2nd, 6-4 (Groundball, 6, EV 85.6 MPH)
|
Batting: RHB Nick Gentzel
|
0-0: Foul Ball, location: 2F 0-1: Swinging Strike 0-2: Ball 1-2: Ball 2-2: Foul Ball, location: 2F 2-2: Foul Ball, location: 2F 2-2: Strikes out swinging
|
Batting: SHB Hans Mikkelsen
|
0-0: SINGLE (Line Drive, 8RS, EV 88.8 MPH) Billy Durham to second Runner from 2nd tries for 3rd, SAFE after rundown.
|
Batting: RHB Tim Nettles
|
0-0: Ball 1-0: Called Strike 1-1: Fielders Choice at 2nd, 6-4 (Groundball, 6, EV 97.5 MPH)
|
Top of the 5th over - 0 runs, 1 hit, 0 errors, 2 left on base; St. Louis 0 - Kansas City 4 |
BOTTOM OF THE 5TH |
Kansas City Royals batting - Pitching for St. Louis Cardinals : LHP Justin Harris
|
Batting: RHB Imbart Faber
|
0-0: Ball 1-0: Called Strike 1-1: Ball 2-1: Ground out 4-3 (Groundball, 34D, EV 99.4 MPH)
|
Batting: LHB Mike Meyerhoff
|
0-0: Foul Ball, location: 2F 0-1: Ball 1-1: Ball 2-1: TRIPLE (Flyball, 9LD, EV 109.4 MPH)
|
Batting: SHB Tony Prado
|
0-0: Ground out 6-3 (Groundball, 56, EV 84.4 MPH)
|
Batting: RHB Aaron Matthews
|
0-0: Foul Ball, location: 2F 0-1: Foul Ball, location: 2F 0-2: Ball 1-2: Ball 2-2: Fly out, F5 (Flyball, 5D, EV 78.8 MPH)
|
Bottom of the 5th over - 0 runs, 1 hit, 0 errors, 1 left on base; St. Louis 0 - Kansas City 4 |
TOP OF THE 6TH |
St. Louis Cardinals batting - Pitching for Kansas City Royals : RHP Brandon Ferrari
|
Batting: SHB Luke Robbins
|
0-0: Ball 1-0: Foul Ball, location: 2F 1-1: Foul Ball, location: 2F 1-2: Ball 2-2: Ball 3-2: Fly out, F5 (Line Drive, 5, EV 68.1 MPH)
|
Batting: LHB Tom Butterbaugh
|
0-0: Called Strike 0-1: Ball 1-1: Ball 2-1: Ball 3-1: SINGLE (Line Drive, 8RS, EV 101.9 MPH)
|
Batting: LHB Ben Rubenacker
|
0-0: 2-RUN HOME RUN (Flyball, 9LD, EV 91.9 MPH), Distance : 355 ft
|
Batting: SHB Antoine Roux
|
0-0: Foul Ball, location: 2F 0-1: Foul Ball, location: 2F 0-2: Ball 1-2: Fly out, F8 (Flyball, 78XD, EV 105.0 MPH)
|
Batting: LHB Frank Hill
|
0-0: Called Strike 0-1: Foul Ball, location: 2F 0-2: Ground out 4-3 (Groundball, 4, EV 86.9 MPH)
|
Top of the 6th over - 2 runs, 2 hits, 0 errors, 0 left on base; St. Louis 2 - Kansas City 4 |
BOTTOM OF THE 6TH |
Kansas City Royals batting - Pitching for St. Louis Cardinals : LHP Justin Harris
|
Batting: SHB Gil Switzer
|
0-0: Ball 1-0: Foul Ball, location: 2F 1-1: Fly out, F7 (Flyball, 7S, EV 81.2 MPH)
|
Batting: RHB Mikolas Markus
|
0-0: Ball 1-0: Ball 2-0: SINGLE (Groundball, 6D, EV 95.0 MPH)
|
Batting: RHB Bob Najar
|
0-0: Fielders Choice at 2nd, 3-6 (Groundball, 3, EV 88.1 MPH)
|
Batting: RHB Victor Moya
|
0-0: Ground out 5-3 (Groundball, 5S, EV 85.0 MPH)
|
Bottom of the 6th over - 0 runs, 1 hit, 0 errors, 1 left on base; St. Louis 2 - Kansas City 4 |
TOP OF THE 7TH |
St. Louis Cardinals batting - Pitching for Kansas City Royals : RHP Brandon Ferrari
|
Batting: SHB Billy Durham
|
0-0: Ball 1-0: Ball 2-0: Ground out 4-3 (Groundball, 4, EV 100.6 MPH)
|
Batting: RHB Nick Gentzel
|
0-0: Called Strike 0-1: Swinging Strike 0-2: Ball 1-2: Ground out 5-3 (Groundball, 56, EV 90.0 MPH)
|
Batting: SHB Hans Mikkelsen
|
0-0: Called Strike 0-1: Swinging Strike 0-2: Ball 1-2: Foul Ball, location: 2F 1-2: Foul Ball, location: 2F 1-2: Strikes out swinging
|
Top of the 7th over - 0 runs, 0 hits, 0 errors, 0 left on base; St. Louis 2 - Kansas City 4 |
BOTTOM OF THE 7TH |
Kansas City Royals batting - Pitching for St. Louis Cardinals : LHP Justin Harris
|
Pitching: LHP Steve Cooper
|
|
Batting: RHB Mike Jaquez
|
0-0: Called Strike 0-1: Swinging Strike 0-2: Ball 1-2: Strikes out looking
|
Batting: RHB Imbart Faber
|
0-0: Ball 1-0: Ball 2-0: Ball 3-0: Called Strike 3-1: Swinging Strike 3-2: SINGLE (Line Drive, 5D, EV 97.5 MPH)
|
Batting: LHB Mike Meyerhoff
|
0-0: Fly out, F8 (Line Drive, 8RM, EV 95.0 MPH)
|
Batting: SHB Tony Prado
|
0-0: Ball 1-0: Called Strike 1-1: Ball 2-1: Foul Ball, location: 2F 2-2: Fly out, F8 (Line Drive, 8LM, EV 89.4 MPH)
|
Bottom of the 7th over - 0 runs, 1 hit, 0 errors, 1 left on base; St. Louis 2 - Kansas City 4 |
TOP OF THE 8TH |
St. Louis Cardinals batting - Pitching for Kansas City Royals : RHP Brandon Ferrari
|
Batting: RHB Tim Nettles
|
0-0: Ball 1-0: Ball 2-0: Ball 3-0: Base on Balls
|
Batting: SHB Luke Robbins
|
0-0: Called Strike 0-1: Ball 1-1: Ball 2-1: Fly out, F4 (Flyball, 4D, EV 83.1 MPH)
|
Batting: LHB Tom Butterbaugh
|
0-0: Ball 1-0: Grounds into double play, U6-3 (Groundball, 4M, EV 104.4 MPH)
|
Top of the 8th over - 0 runs, 0 hits, 0 errors, 0 left on base; St. Louis 2 - Kansas City 4 |
BOTTOM OF THE 8TH |
Kansas City Royals batting - Pitching for St. Louis Cardinals : LHP Steve Cooper
|
Batting: RHB Aaron Matthews
|
0-0: Swinging Strike 0-1: Ball 1-1: Ground out 6-3 (Groundball, 6, EV 90.0 MPH)
|
Batting: SHB Gil Switzer
|
0-0: Called Strike 0-1: Foul Ball, location: 2F 0-2: Ball 1-2: Foul Ball, location: 2F 1-2: Foul Ball, location: 2F 1-2: Strikes out swinging
|
Batting: RHB Mikolas Markus
|
0-0: Called Strike 0-1: SINGLE (Groundball, 56D, EV 100.6 MPH)
|
Batting: RHB Bob Najar
|
0-0: Ball 1-0: Ball 2-0: Ball 3-0: Called Strike 3-1: Base on Balls Mikolas Markus to second
|
Batting: RHB Victor Moya
|
0-0: Ball 1-0: SINGLE (Line Drive, 3D, EV 98.8 MPH) Mikolas Markus to third Bob Najar to second Runner from 3rd tries for Home, SAFE, throw by RF to home
|
Pitching: RHP Brent Garland
|
|
Batting: RHB Mike Jaquez
|
0-0: Ball 1-0: Called Strike 1-1: Fly out, F8 (Line Drive, 8RD, EV 92.5 MPH)
|
Bottom of the 8th over - 1 run, 2 hits, 0 errors, 2 left on base; St. Louis 2 - Kansas City 5 |
TOP OF THE 9TH |
St. Louis Cardinals batting - Pitching for Kansas City Royals : RHP Brandon Ferrari
|
Batting: LHB Ben Rubenacker
|
0-0: Ground out 5-3 (Groundball, 5L, EV 85.6 MPH)
|
Batting: SHB Antoine Roux
|
0-0: Foul Ball, location: 2F 0-1: Ball 1-1: Ball 2-1: Swinging Strike 2-2: SOLO HOME RUN (Flyball, 89XD, EV 96.2 MPH), Distance : 390 ft
|
Batting: LHB Frank Hill
|
0-0: Ball 1-0: Ball 2-0: Called Strike 2-1: Ball 3-1: Foul Ball, location: 2F 3-2: Foul Ball, location: 2F 3-2: Ground out U3 (Groundball, 3S, EV 67.5 MPH)
|
Pitching: LHP John Brooks
|
|
Pinch Hitting: RHB Tenshou Takita
|
0-0: Called Strike 0-1: Foul Ball, location: 2F 0-2: Ball 1-2: Strikes out swinging
|
Top of the 9th over - 1 run, 1 hit, 0 errors, 0 left on base; St. Louis 3 - Kansas City 5 |
|